cohdb
Replays
Latest Replays
All Replays
Popular Replays
Top Player Replays
Match Explorer
How It Works
Community
CoH3 Stats
Reddit
Sign in to upload your games and track your stats! →
Sign in with Steam
Match 43828392
Unlisted
Match 43828392
Overview
Messages
Build Orders
End
Selects Air and Sea Battlegroup
Construct Section Command Post
Vickers Machine Gun Team
Infantry Section
Infantry Section
Infantry Section
Selects Supply Surplus
Construct Resource Cache
Construct Resource Cache
Construct Resource Cache
Grenade Package
Construct Resource Cache
Construct Platoon Command Post
Unlock M3 Stuart Light Tanks
Construct Resource Cache
Construct Resource Cache
Selects Commando Section Paradrop
Selects M1 Pack Howitzer Paradrop
Construct Resource Cache
Construct Resource Cache
Infantry Training
Construct Company Command Post
Matilda II Heavy Tank
Serial Chiller
Maserati
CTRAP IKUN
3939737855
The Magos
SLIM
撸管大神★海角之王【
VeryGreenBucket
0
0
Comments
sign in to comment!
No comments posted yet!